 Dungeon Sprint DCSS version 0.21.2 (webtiles) character file.

780 Fang the Fighter (level 7, 0/54 HPs)
             Began as a Gargoyle Berserker on Dec 19, 2018.
             Was an Elder of Trog.
             Slain by a tyrant leech (30 damage)
             ... in the Dungeon (Sprint II: "The Violet Keep of Menkaure").
             The game lasted 00:00:34 (296 turns).

Fang the Fighter (Gargoyle Berserker)                Turns: 296, Time: 00:00:34

Health: 0/54       AC:  7    Str: 22    XL:     7   Next: 85%
Magic:  7/7        EV: 14    Int:  8    God:    Trog [****..]
Gold:   486        SH:  0    Dex:  9    Spells: 6/6 levels left

rFire    . . .     SeeInvis .   a - +0 hand axe
rCold    . . .     Gourm    .   (no shield)
rNeg     + . .     Faith    .   b - +0 animal skin
rPois    ∞         Spirit   .   (no helmet)
rElec    +         Reflect  .   (no cloak)
rCorr    .         Harm     .   (no gloves)
MR       .....     NoTele   +   (no boots)
Stlth    +.........             (no amulet)
HPRegen  0.18/turn              (no ring)
MPRegen  0.10/turn              (no ring)

@: no status effects
A: negative energy resistance 1, electricity resistance, unbreathing,
petrification resistance, rot immunity, AC +4
a: Berserk, Trog's Hand, Brothers in Arms, Burn Spellbooks, Renounce Religion


You were in the Dungeon.
You worshipped Trog.
Trog was greatly pleased with you.
You were not hungry.

You visited 1 branch You collected 486 gold pieces.

Inventory:

Hand Weapons
 a - a +0 hand axe (weapon)
Armour
 b - a +0 animal skin (worn)
Scrolls
 i - a scroll of blinking
Potions
 d - a potion of curing
 e - a potion of heal wounds
 f - a potion of haste
 g - 2 potions of magic
 h - a potion of berserk rage
Comestibles
 c - a ration


   Skills:
 + Level 11.1 Fighting
 + Level 10.2 Axes
 + Level 5.8 Armour
 + Level 5.6 Dodging


You had 6 spell levels left.
You didn't know any spells.

Dungeon Overview and Level Annotations

Branches:
Dungeon (1/1)

Altars:


Innate Abilities, Weirdness & Mutations

You are resistant to torment.
Your stone body is resilient. (AC +4)
You are immune to poison.
You resist negative energy. (rN+)
You are resistant to electric shocks. (rElec)
You can survive without breathing.
You are immune to petrification.
You are immune to rotting.


Message History

No target in view!
You now have 486 gold pieces (gained 243).
You start resting.
HP restored.
There is an open door here.
There is an open door here.
As you open the door, it creaks loudly!
The tyrant leech is too close now for your liking.
The tyrant leech bites you!!
There is an open door here.
You completely miss the tyrant leech. You hit the tyrant leech.
The tyrant leech barely misses you.
You barely miss the tyrant leech.
The tyrant leech is lightly wounded.
You closely miss the tyrant leech. The tyrant leech barely misses you.
You barely miss the tyrant leech.
The tyrant leech is lightly wounded.
You hit the tyrant leech. The tyrant leech bites you!!
Ouch! That really hurt!
You die...

## ## ##.
.## #..#..#
## #.# ##
#.# #'# #.##
#.##.##w.$#
#'.<.@#
#.##.##w..#
#.###†###.##
## #†..# ##
#..#..# ##.
.## ## ##


You could see 2 tyrant leeches.

Vanquished Creatures
  2 hippogriffs (D)
  4 necrophages (D)
  4 worker ants (D)
10 creatures vanquished.

Vanquished Creatures (others)
  Menkaure (D)
  A crocodile (D)
2 creatures vanquished.

Grand Total: 12 creatures vanquished

Notes
Turn   | Place    | Note
-------+----------+-------------------------------------------
     0 | D        | Fang the Gargoyle Berserker began the quest for the Orb.
     0 | D        | Reached XP level 1. HP: 14/14 MP: 1/1
     1 | D        | Noticed a tyrant leech
     1 | D        | Noticed a tyrant leech
     5 | D        | Noticed a hippogriff
     5 | D        | Noticed a hippogriff
    15 | D        | Killed a hippogriff
    15 | D        | Reached skill level 7 in Fighting
    15 | D        | Reached XP level 2. HP: 20/25 MP: 2/2
    15 | D        | Reached XP level 3. HP: 23/29 MP: 3/3
    15 | D        | Reached XP level 4. HP: 28/35 MP: 4/4
    15 | D        | Reached XP level 5. HP: 32/39 MP: 5/5
    19 | D        | Killed a hippogriff
    19 | D        | Reached skill level 9 in Fighting
    19 | D        | Reached XP level 6. HP: 37/46 MP: 6/6
    40 | D        | Killed Menkaure
   148 | D        | Noticed a necrophage
   148 | D        | Noticed a necrophage
   148 | D        | Noticed a necrophage
   148 | D        | Noticed a necrophage
   152 | D        | Killed a necrophage
   152 | D        | Reached ** piety under Trog
   152 | D        | Reached skill level 5 in Armour
   152 | D        | Reached XP level 7. HP: 52/52 MP: 7/7
   155 | D        | Reached skill level 10 in Fighting
   155 | D        | Reached skill level 5 in Dodging
   159 | D        | Reached *** piety under Trog
   218 | D        | Reached skill level 10 in Axes
   223 | D        | Reached skill level 11 in Fighting
   235 | D        | Reached **** piety under Trog
   296 | D        | Slain by a tyrant leech

Skill      XL: |  1  2  3  4  5  6  7 |
---------------+----------------------+-----
Fighting       | 7 9 11 | 11.1
Axes           | 6 8 10 | 10.2
Armour         | 4 5 |  5.8
Dodging        | 3 4 5 |  5.6

Action                   |  1- 3 |  4- 6 |  7- 9 || total
-------------------------+-------+-------+-------++-------
Melee: Hand axe          |     5 |     7 |    32 ||    44
Invok: Berserk           |     1 |     1 |       ||     2
Armor: Animal skin       |     2 |     1 |     7 ||    10
Dodge: Dodged            |     8 |     5 |    13 ||    26
